[Event "44th Chess Olympiad Open 2022"]
[Site "Chennai"]
[Date "2022.08.06"]
[Round "8.58"]
[White "Alharthi, Ahmed Mohammed A"]
[Black "Hamid Mohammed"]
[Result "1/2-1/2"]
[WhiteElo "1935"]
[BlackElo "2116"]
[Annotator "NA RC"]
[PlyCount "85"]
[EventDate "2022.??.??"]
[TimeControl "60"]

1. d4 Nf6 2. Bf4 b6 3. e3 Bb7 4. Nf3 d6 5. Bd3 Nbd7 6. O-O Nh5 7. Bg5 h6 8. Bh4 g5 9. Bg3 Nxg3 10. hxg3 Bg7 11. c3 e5 12. Bf5 e4 13.
Nfd2 Qe7 14. Qa4 a6 15. c4 Kd8 16. Nc3 Nf6 17. c5 d5 18.
cxb6 cxb6 19. Qa3 Qxa3 20. bxa3 Bf8 21. a4 Bb4 22. Rac1 Bc8 23.
Bxc8 Rxc8 24. Ncb1 Kd7 25. Nb3 Rc4 26. a3 Bd6 27. Rxc4 dxc4 28. N3d2 Rc8 29. Rc1 b5 30. axb5 axb5 31. a4 bxa4 32. Nxc4 Ke7 33. Nbd2 Bb4 34. Ra1 a3 35. Nb6 Rc2 36. Nxe4 Nxe4 37. Nd5+ Kd6 38. Nxb4 Rb2 39. Nd3 Rb3 40. Nc1 Rc3 41. Na2 Rb3 42. Nc1 Rc3 43. Na2 1/2-1/2

[Event "44th Chess Olympiad Open 2022"]
[Site "Chennai"]
[Date "2022.08.06"]
[Round "8.59"]
[White "Michaelides, Konstantinos"]
[Black "Mirzaad, S.wahabuddin"]
[Result "1/2-1/2"]
[WhiteElo "2300"]
[BlackElo "1999"]
[Annotator "RC"]
[PlyCount "232"]
[EventDate "2022.??.??"]
[TimeControl "60"]

1. d4 d5 2. c4 c6 3. cxd5 cxd5 4. Bf4 Nc6 5. e3 Nf6 6. Nc3 a6 7. Be2 Bf5 8. Nf3 e6 9. Qb3 Bb4 10. O-O O-O 11. a3 Bd6 12. Bxd6 Qxd6 13. Na4 Nd7 14. Rfc1 b5 15. Nc5 Rfb8 16. Bd3 Bxd3 17. Qxd3 Rc8 18. a4 bxa4 19. Rxa4 a5 20. Nxd7 Qxd7 21. Qd1 Rab8 22. b3 h6 23. g3 Rb6 24. Ne1 Rcb8 25. Nd3 Qd6 26. Nc5 Rb5 27. Rc3 e5 28. Qg4 exd4 29. exd4 Re8 30. Re3 Rbb8 31. Ra2 Qg6 32. Qxg6 fxg6 33. Rae2 Red8 34. Rd3 Rb4 35. Re6 Nxd4 36. Rxg6 Rb5 37. Na6 Nxb3 38. Nc7 Rb7 39. Nxd5 Rf8 40. Nf4 a4 41. Rdd6 Ra8 42. Nd5 a3 43. Nc3 a2 44. Nxa2 Rxa2 45. Rb6 Rxb6 46. Rxb6 Nd2 47. Rb4 Nf3+ 48. Kf1 Ne5 49. Rb8+ Kh7 50. Kg2 g5 51. h3 Kg7 52. Rb7+ Nf7 53. Rb6 Rd2 54. Ra6 Rd6 55. Ra7 Kg6 56. Ra5 Kf6 57. Ra2 Ne5 58. Rb2 h5 59. Rb4 Rd2 60. Rb6+ Kf5 61. Rb8 Rd7 62. Rb4 g4 63. Rf4+ Ke6 64. hxg4 hxg4 65. Ra4 Kf5 66. Rf4+ Kg5 67. Ra4 Rd1 68. Ra5 Kf5 69. Ra4 Rc1 70. Rf4+ Ke6 71. Ra4 Kd5 72. Ra5+ Ke4 73. Ra4+ Rc4 74. Ra3 Nd3 75. Ra8 Ne5 76. Ra3 Rb4 77. Ra5 Nf3 78. Ra8 Kd3 79. Ra3+ Ke2 80. Re3+ Kd2 81. Re8 Rd4 82. Ra8 Re4 83. Ra2+ Ke1 84. Ra1+ Ke2 85. Ra2+ Nd2 86. Ra8 Nf3 87. Ra2+ Kd1 88. Ra1+ Kc2 89. Ra2+ Kb3 90. Ra8 Rc4 91. Rb8+ Kc3 92. Rd8 Ne1+ 93. Kf1 Nd3 94. Kg2 Re4 95. Rc8+ Kd2 96. Ra8 Ne5 97. Ra2+ Kd3 98. Ra3+ Kd4 99. Ra4+ Kd5 100. Ra5+ Ke6 101. Ra6+ Kf5 102. Ra5 Re2 103. Kf1 Rc2 104. Kg2 Rc8 105. Rb5 Rh8 106. Ra5 Rf8 107. Rb5 Rd8 108. Ra5 Rd4 109. Ra3 Rc4 110. Ra8 Ke4 111. Re8 Rc3 112. Rg8 Kf5 113. Rf8+ Kg6 114. Ra8 Nf7 115. Ra6+ Kh5 116.
Ra5+ Ng5 1/2-1/2

[Event "44th Chess Olympiad Open 2022"]
[Site "Chennai"]
[Date "2022.08.06"]
[Round "8.59"]
[White "Amini, Habibullah"]
[Black "Isaakidis, Alexandros"]
[Result "1/2-1/2"]
[WhiteElo "2035"]
[BlackElo "2165"]
[Annotator "RC"]
[PlyCount "118"]
[EventDate "2022.??.??"]
[TimeControl "60"]

1. d4 Nf6 2. Bf4 g6 3. Nc3 d6 4. e4 Bg7 5. Qd2 c6 6. Nf3 Bg4 7. Be2 d5 8. e5 Ne4 9. Nxe4 dxe4 10. Ng1 Be6 11. h4 c5 12. Bb5+ Nc6 13.
Ne2 Qb6 14. Bxc6+ Qxc6 15. h5 Rd8 16. c3 Bc4 17. h6 Bf8 18.
O-O g5 19. Bxg5 Rg8 20. Be3 Bxh6 21. g3 Rg6 22. Rfe1 Bd3 23.
Kg2 f6 24. e6 f5 25. Kg1 Rxe6 26. Nf4 Bxf4 27. Bxf4 cxd4 28. cxd4 Rxd4 29. Rac1 Rc4 30. b3 Rc2 31. Rxc2 Qxc2 32. Qa5 Ra6 33. Qe5 Rc6 34. Bg5 Qc5 35. Qh8+ Kd7 36. Qxh7 Qe5 37. Bf4 Qf6 38. Qg8 Rb6 39. Qd5+ Ke8 40. Kg2 Qe6 41. Qd4 Qf6 42. Qd5 Qc6 43. Qg8+ Kd7 44. Rc1 Bc2 45. Rxc2 Qxc2 46. Qd5+ Ke8 47. Qg8+ Kd7 48. Qd5+ Rd6 49. Qxf5+ Re6 50. Qd5+ Rd6 51. Qxb7+ Ke6 52. Bxd6 exd6 53.
Qxa7 d5 54. Qd4 Qxa2 55. b4 Qb3 56. Qb6+ Kf5 57. Qd4 Qf3+ 58.
Kg1 Qb3 59. Kg2 Qf3+ 1/2-1/2

[Event "44th Chess Olympiad Open 2022"]
[Site "Chennai"]
[Date "2022.08.06"]
[Round "8.59"]
[White "Florentiades, Michalis"]
[Black "Sakhawaty, Sepehr"]
[Result "1/2-1/2"]
[WhiteElo "1974"]
[BlackElo "1809"]
[Annotator "NA RC"]
[PlyCount "115"]
[EventDate "2022.??.??"]
[TimeControl "60"]

1. e4 c5 2. Nf3 d6 3. Bb5+ Nd7 4. c3 a6 5. Ba4 Ngf6 6. Qe2 b5 7. Bc2 Bb7 8. O-O g6 9. d4 e5 10. Rd1 Qc7 11. d5 c4 12. b3 cxb3 13. axb3 Bg7 14. Nfd2 O-O 15. Nf1 Nb6 16. Bd2 Nfd7 17. Na3 f5 18. f3 fxe4 19. fxe4 Rf7 20. c4 bxc4 21. Nxc4 Nxc4 22. Qxc4 Qb6+ 23. Kh1 Rc8 24. Qd3 Nf6 25. Ne3 Rcf8 26. Rf1 Nh5 27. Rxf7 Rxf7 28. Nc4 Qd8 29. Rf1 Nf4 30. Bxf4 exf4 31. Qd2 Bc8 32. Qb4 Bf8 33. Qb6 Qg5 34. Bd1 Qe7 35. Bf3 g5 36. h3 Rg7 37. Qb8 Bd7 38. e5 dxe5 39. Nxe5 Bb5 40. Rc1 Qa7 41. Qxa7 Rxa7 42. Rc8 Kg7 43. Nc6 Bxc6 44. dxc6 Bd6 45. Rd8 Be7 46. Rd7 Rxd7 47. cxd7 a5 48. Bc6 Kf6 49. Kg1 Ke5 50.
Kf2 Kd6 51. Ba4 h5 52. Kf3 Ke5 53. Bc6 Kd4 54. Ba4 Bd8 55. Bc6 Kc5 56. Ba4 Kd4 57. Bc6 Kc5 58. Ke4 1/2-1/2

[Event "44th Chess Olympiad Open 2022"]
[Site "Chennai"]
[Date "2022.08.06"]
[Round "8.59"]
[White "Sulaiman, Ahmad Ashrafi"]
[Black "Antoniou, Rafail"]
[Result "1-0"]
[WhiteElo "1953"]
[BlackElo "1817"]
[Annotator "NA RC"]
[PlyCount "55"]
[EventDate "2022.??.??"]
[TimeControl "60"]

1. d4 Nf6 2. Bf4 d5 3. e3 c5 4. c3 e6 5. Nf3 Bd6 6. Bg3 Qc7 7. Ne5 Nbd7 8. f4 b5 9. Nd2 Rb8 10. Bd3 a5 11. O-O Ba6 12. Bf2 c4 13.
Bc2 b4 14. g4 bxc3 15. bxc3 Rb2 16. g5 Bxe5 17. fxe5 Ng4 18. Rc1 Nxf2 19. Rxf2 Qd8 20. Qh5 g6 21. Qh6 Qe7 22. Bb1 Qf8 23. Qh4 Qg7 24. Ne4 Rxf2 25. Nd6+ Ke7 26. Qxf2 Nxe5 27. dxe5 Qxe5 28. Nxf7 1-0

[Event "44th Chess Olympiad Open 2022"]
[Site "Chennai"]
[Date "2022.08.06"]
[Round "8.60"]
[White "Thing, Bibek"]
[Black "Islam Sh.Nour, Kassim"]
[Result "1-0"]
[WhiteElo "2260"]
[BlackElo "1873"]
[Annotator "RC"]
[PlyCount "153"]
[EventDate "2022.??.??"]
[TimeControl "60"]

1. e4 b6 2. d4 Bb7 3. Bd3 e6 4. Nf3 c5 5. O-O cxd4 6. Nxd4 Nf6 7. Nc3 Nc6 8. Nxc6 Bxc6 9. Qe2 Bc5 10. e5 Nd5 11. Ne4 Qc7 12. Qh5 O-O-O 13. c4 Nb4 14. Nxc5 bxc5 15. Bb1 Bb7 16. Be3 f5 17. exf6 gxf6 18.
Qxc5 Nc6 19. Be4 Rhg8 20. g3 d6 21. Qb5 Ne5 22. Bxb7+ Qxb7 23. Qxb7+ Kxb7 24. b3 h5 25. Rad1 Nf3+ 26. Kg2 Nh4+ 27. Kh3 Nf5 28. Rfe1 Rg6 29. Rd3 Rdg8 30. Bc1 e5 31. Ba3 Kc6 32. Red1 Nd4 33. Bb2 Nf5 34. Rf3 Nh6 35. Ba3 Nf7 36. Rfd3 f5 37. c5 dxc5 38. Rc1 Ng5+ 39. Kg2 Ne6 40. Rdc3 h4 41. Bxc5 hxg3 42. hxg3 Rh8 43. Bd4+ Kd5 44. Bxa7 e4 45. Rd1+ Ke5 46. Bd4+ Nxd4 47. Rc5+ Kd6 48. Ra5 Kc7 49. Rxd4 e3 50. Rc5+ Kb6 51. Rxf5 Re6 52. fxe3 Rxe3 53. Rf3 Re2+ 54. Rf2 Re3 55. Rdf4 Rg8 56. R4f3 Re1 57. Rf8 Rg7 58. R2f7 Re2+ 59. Kh3 Rg5 60. Rf6+ Kc7 61. R8f7+ Kb8 62. Rh7 Rg8 63. Rb6+ Ka8 64. Ra6+ Kb8 65. Raa7 Re3 66. Rhb7+ Kc8 67. Ra8+ Kxb7 68. Rxg8 Re2 69. Rd8 Rxa2 70. g4 Ra1 71. g5 Rh1+ 72. Kg4 Rg1+ 73. Kf5 Rg3 74. b4 Rg1 75. g6 Rf1+ 76. Ke6 Kc7 77. Rd5 1-0

[Event "44th Chess Olympiad Open 2022"]
[Site "Chennai"]
[Date "2022.08.06"]
[Round "8.60"]
[White "Bhandari, Kshitiz"]
[Black "Nor, Mohamed Ahmed"]
[Result "1/2-1/2"]
[WhiteElo "2071"]
[BlackElo "1907"]
[Annotator "NA RC"]
[PlyCount "158"]
[EventDate "2022.??.??"]
[TimeControl "60"]

1. Nf3 Nf6 2. c4 c5 3. g3 g6 4. b3 Bg7 5. Bb2 Nc6 6. Bg2 O-O 7. O-O d6 8. Nc3 e5 9. d3 Be6 10. Ng5 Qd7 11. a3 Rad8 12. b4 cxb4 13.
axb4 Nxb4 14. Rxa7 Nc6 15. Ra4 h6 16. Nxe6 Qxe6 17. Nd5 Qd7 18.
Nc3 Ra8 19. e3 Rfb8 20. Nb5 Bf8 21. e4 Nh5 22. Bf3 Ng7 23.
Bg2 Ne6 24. Rxa8 Rxa8 25. f4 Nc5 26. Bc3 Qd8 27. d4 exd4 28.
Nxd4 Qb6 29. Kh1 Ra3 30. Nb5 Ra2 31. e5 dxe5 32. fxe5 Ne6 33. Qf3 Ncd8 34. Nd6 Qc7 35. Qd5 Qc6 36. h4 h5 37. Ne4 Be7 38.
Rd1 Kg7 39. Nd6 Rc2 40. Nb5 Bc5 41. Qe4 Qxe4 42. Bxe4 Re2 43. Bf3 Re3 44. Kg2 Nc6 45. Rd5 Ne7 46. Rxc5 Rxc3 47. Nxc3 Nxc5 48. Bd5 Nf5 49. Nb5 Kf8 50. Kf3 Ke7 51. Nd6 Nxd6 52. exd6+ Kf6 53. Ke3 b6 54. Kd4 Ne6+ 55. Kc3 Ke5 56. d7 Nd8 57. Kb4 Kd6 58. Kb5 Kc7 59. Ka6 f6 60. Kb5 g5 61. Bf3 Ne6 62. Bxh5 Nd4+ 63. Ka6 gxh4 64. gxh4 Nf5 65. d8=Q+ Kxd8 66. Kxb6 Nxh4 67. c5 Nf5 68. c6 Ne7 69. c7+ Kd7 70. Kb7 f5 71. Bg6 Ke6 72. Bh5 Kd7 73.
Bf3 Kd6 74. Bg2 Kd7 75. Bc6+ Kd6 76. Be8 f4 77. Bh5 Kd7 78. Bf3 Kd6 79. Bg4 Kc5 1/2-1/2

[Event "44th Chess Olympiad Open 2022"]
[Site "Chennai"]
[Date "2022.08.06"]
[Round "8.60"]
[White "Abdirahman Omar Sheikh"]
[Black "Chaulagain, Purushottam"]
[Result "0-1"]
[WhiteElo "2051"]
[BlackElo "1975"]
[Annotator "NA RC"]
[PlyCount "93"]
[EventDate "2022.??.??"]
[TimeControl "60"]

1. d4 d5 2. c4 e6 3. Nc3 c6 4. e3 f5 5. Nf3 Nf6 6. cxd5 cxd5 7. Bb5+ Bd7 8.
Bxd7+ Nbxd7 9. Qb3 Bd6 10. Qxb7 O-O 11. O-O Qe7 12. Qa6 Rfb8 13. b3 Rb6 14. Qe2 Rc8 15. Bb2 Rbc6 16. Na4 Ba3 17. Ne1 Bxb2 18. Qxb2 e5 19. f3 e4 20. Qe2 g6 21. f4 Qb4 22. h3 h5 23.
Rb1 Kf7 24. Qb2 Ne8 25. Rf2 Nd6 26. Nc2 Qa5 27. a3 Qb5 28.
Nb4 R6c7 29. Qe2 Ke6 30. Na6 Rc1+ 31. Rxc1 Rxc1+ 32. Kh2 Qxe2 33. Rxe2 Nb5 34. N6c5+ Kd6 35. Nxd7 Kxd7 36.
Nc5+ Kd6 37. Kg3 Nc3 38. Rd2 Nd1 39. Kh4 Nxe3 40. Kg5 Nf1 41.
Rb2 Rd1 42. Kxg6 Rxd4 43. Na4 Ng3 44. Nc3 Rd3 45. Ne2 d4 46.
Nxg3 Rxg3+ 47. Kxf5 0-1

[Event "44th Chess Olympiad Open 2022"]
[Site "Chennai"]
[Date "2022.08.06"]
[Round "8.60"]
[White "Abdulkadir Mohamed Warsame"]
[Black "Lama, Milan"]
[Result "1-0"]
[WhiteElo "1820"]
[BlackElo "2024"]
[Annotator "NA RC"]
[PlyCount "75"]
[EventDate "2022.??.??"]
[TimeControl "60"]

1. c4 c5 2. Nf3 g6 3. d4 cxd4 4. Nxd4 Bg7 5. e4 Nc6 6. Be3 Nf6 7. Nc3 d6 8. Nxc6 bxc6 9. Be2 O-O 10. O-O a5 11. Rc1 Rb8 12. Qc2 Qc7 13.
c5 d5 14. exd5 Nxd5 15. Nxd5 cxd5 16. b3 e5 17. Bd2 Bf5 18. Qc3 Ra8 19. Qg3 Rfc8 20. a3 Qe7 21. b4 axb4 22. Bxb4 e4 23. c6 Qe6 24. Bb5 Bb2 25. Rc2 Be5 26. Qh4 d4 27. Rfc1 d3 28. Rd2 Bd4 29. Bxd3 Bxf2+ 30. Rxf2 exd3 31. c7 Qb6 32. Qf4 Qe6 33. Qd4 Qd7 34. Qf6 Qe6 35. Qc3 Ra7 36. Qd4 Raxc7 37. Rxc7 Rxc7 38. Qd8+ 1-0

[Event "44th Chess Olympiad Open 2022"]
[Site "Chennai"]
[Date "2022.08.06"]
[Round "8.61"]
[White "Fellman, Mike"]
[Black "Mukoko, Isaac"]
[Result "1-0"]
[WhiteElo "2107"]
[BlackElo "1805"]
[Annotator "NA RC"]
[PlyCount "95"]
[EventDate "2022.??.??"]
[TimeControl "60"]

1. d4 Nf6 2. c4 e6 3. Nc3 Bb4 4. e3 O-O 5. Bd3 d5 6. a3 Bxc3+ 7. bxc3 dxc4 8.
Bxc4 b6 9. Nf3 Bb7 10. O-O Nbd7 11. Bb2 Ne4 12. Qe2 Ng5 13. Nd2 Qf6 14. e4 Qg6 15. f3 Nh3+ 16. Kh1 Nf4 17. Qf2 Rfd8 18. Rfd1 Rac8 19. Bf1 c5 20. Nc4 Ba8 21. a4 cxd4 22. cxd4 Rc7 23. g3 Nh5 24. Bd3 Qh6 25. Ne3 Nxg3+ 26. Qxg3 Qxe3 27. Qxc7 Qxf3+ 28. Kg1 Qe3+ 29. Kf1 Qf3+ 30. Ke1 Qe3+ 31. Be2 Qg1+ 32. Kd2 Qg5+ 33. Kc2 Bxe4+ 34. Bd3 Bxd3+ 35. Rxd3 Qg2+ 36. Kb3 Qd5+ 37. Ka3 Nc5 38. Re3 Na6 39. Qe5 Qc4 40. Qb5 Qc8 41. Rc1 Qb7 42. Rg3 Qe7+ 43. Kb3 Nc7 44. Qe5 Ne8 45. d5 Qf8 46. dxe6 fxe6 47. Rc7 Kh8 48. Rcxg7 1-0

[Event "44th Chess Olympiad Open 2022"]
[Site "Chennai"]
[Date "2022.08.06"]
[Round "8.61"]
[White "Njoroge, Martin"]
[Black "Zilleruelo Irizarry, Diego"]
[Result "1-0"]
[WhiteElo "1973"]
[BlackElo "2081"]
[Annotator "NA RC"]
[PlyCount "98"]
[EventDate "2022.??.??"]
[TimeControl "60"]

1. d4 d5 2. c4 e6 3. Nc3 a6 4. cxd5 exd5 5. Bf4 Nf6 6. e3 Bd6 7. Bg5 c6 8. f4 h6 9. Bh4 g5 10. fxg5 hxg5 11. Bxg5 Rxh2 12. Rxh2 Bg3+ 13. Kd2 Bxh2 14. Bd3 Qd6 15. Qf3 Ne4+ 16. Nxe4 dxe4 17. Qxe4+ Be6 18. Nf3 Bg3 19. Qh7 Qb4+ 20. Kc2 Nd7 21. Nd2 c5 22. Qh8+ Nf8 23. Ne4 Qa4+ 24. b3 Bxb3+ 25. axb3 Qxa1 26. Qf6 Qa2+ 27. Kd1 Qxb3+ 28. Ke2 Qe6 29. Nxg3 Qxf6 30. Bxf6 cxd4 31. exd4 Ne6 32. Be4 Ra7 33. Nf5 Kd7 34. Be5 b5 35. Bb8 Rc7 36. Bxc7 Nxc7 37. Kd2 a5 38. Kc3 Ke6 39. Ne3 Ne8 40. Bd5+ Kf6 41. Bc6 Nd6 42. Nd5+ Kg5 43. Kd3 f5 44. Nc3 b4 45. Nb5 Nc8 46. d5 Nb6 47. Nd6 a4 48.
Nc4 a3 49. Nd2 Nc8 1-0

[Event "44th Chess Olympiad Open 2022"]
[Site "Chennai"]
[Date "2022.08.06"]
[Round "8.61"]
[White "Pinales Roussel, Gabriel"]
[Black "Oluka Robert Mcligeyo"]
[Result "1-0"]
[WhiteElo "1973"]
[BlackElo "1823"]
[Annotator "NA RC"]
[PlyCount "59"]
[EventDate "2022.??.??"]
[TimeControl "60"]

1. Nf3 d5 2. g3 e6 3. Bg2 Nf6 4. O-O Be7 5. c4 O-O 6. b3 b6 7. Bb2 Bb7 8. e3 Nbd7 9. Qe2 c5 10. Nc3 Rc8 11. Rac1 Qc7 12. Ne1 dxc4 13. bxc4 Bxg2 14. Nxg2 Rfd8 15. f4 Qb7 16. e4 e5 17. Nd5 Nxd5 18. exd5 Bd6 19. Ne3 exf4 20. Nf5 f3 21. Rxf3 Bf8 22. Ne7+ Bxe7 23. Qxe7 Rf8 24. Rcf1 Rce8 25. Qxe8 Rxe8 26.
Rxf7 Qb8 27. Rxg7+ Kh8 28. Rxd7+ Re5 29. Bxe5+ Qxe5 30. Rf8# 1-0

[Event "44th Chess Olympiad Open 2022"]
[Site "Chennai"]
[Date "2022.08.06"]
[Round "8.61"]
[White "Namale, Ben Nguku"]
[Black "Rodriguez Santiago, Jaime"]
[Result "1-0"]
[WhiteElo "1962"]
[BlackElo "2067"]
[Annotator "NA RC"]
[PlyCount "91"]
[EventDate "2022.??.??"]
[TimeControl "60"]

1. d4 d5 2. Nf3 Nf6 3. c4 c6 4. Nc3 e6 5. cxd5 exd5 6. Bg5 Nbd7 7. Qc2 Be7 8. e3 O-O 9. Bd3 Re8 10. O-O Nf8 11. h3 Ne4 12. Bf4 f5 13.
Ne5 Bf6 14. f3 Nd6 15. Bh2 g6 16. Na4 Bxe5 17. Bxe5 Nf7 18. f4 Nxe5 19. fxe5 Qg5 20. Rf3 Ne6 21. Nc5 Rf8 22. Raf1 Rf7 23. Kh2 Qh4 24. Nxe6 Bxe6 25. Qc5 a6 26. b4 Raf8 27. Qd6 Re8 28. a4 Rd7 29. Qc5 Qd8 30. Qc1 Qb6 31. Qe1 a5 32. bxa5 Qb3 33. Qd1 Qc3 34. a6 bxa6 35. Bxa6 Ra7 36. e4 Qa5 37. exf5 Bxf5 38. Bd3 Bxd3 39. Qxd3 Qa6 40. Qe3 Qxa4 41. Qf2 Qb4 42. Rf7 Qb8 43. Qf6 Rxf7 44. Qxf7+ Kh8 45. Qf6+ Kg8 46. Qxc6 1-0

[Event "44th Chess Olympiad Open 2022"]
[Site "Chennai"]
[Date "2022.08.06"]
[Round "8.62"]
[White "De Silva, L M S T.."]
[Black "Mambe, Lobognon Anderson O"]
[Result "1-0"]
[WhiteElo "2212"]
[BlackElo "1921"]
[Annotator "NA RC"]
[PlyCount "75"]
[EventDate "2022.??.??"]
[TimeControl "60"]

1. e4 e6 2. d4 d5 3. Nc3 Nf6 4. Bg5 Be7 5. e5 Nfd7 6. h4 a6 7. Qg4 h5 8. Qg3 g6 9. Nf3 c5 10. dxc5 Nxc5 11. O-O-O Nc6 12. Qf4 b5 13. Bxe7 Qxe7 14. Nd4 Nd8 15. a3 Rb8 16. Re1 b4 17. Nxd5 Qb7 18. Nxb4 a5 19. Nb5 O-O 20. Na2 Bd7 21. Nac3 Nc6 22. Qe3 Na6 23. Ne4 Kg7 24. Rd1 Ne7 25. Ned6 Qc6 26. Nc3 Nc7 27. Bc4 Ned5 28. Qd4 Nxc3 29. Qxc3 Qb6 30. Qd4 Qc6 31. f4 Qxg2 32. Rhg1 Qh3 33. f5 Nb5 34. Bxb5 Bxb5 35. fxg6 Be2 36. Qf2 Bg4 37. gxf7 Kh7 38. Rd3 1-0

[Event "44th Chess Olympiad Open 2022"]
[Site "Chennai"]
[Date "2022.08.06"]
[Round "8.62"]
[White "Manan, Yoboue Hermann"]
[Black "Liyanage, Ranindu Dilshan"]
[Result "0-1"]
[WhiteElo "2066"]
[BlackElo "2286"]
[Annotator "NA RC"]
[PlyCount "62"]
[EventDate "2022.??.??"]
[TimeControl "60"]

1. e4 e6 2. d4 d5 3. Nc3 Nf6 4. e5 Nfd7 5. Nce2 c5 6. c3 Nc6 7. Nf3 Be7 8. g3 b5 9. Nf4 Qb6 10. Bh3 Rg8 11. Nxe6 fxe6 12. Bxe6 Rf8 13. Bxd5 Bb7 14. O-O O-O-O 15. Bf4 Ndxe5 16. Nxe5 Rxd5 17. Qg4+ Kd8 18. Qxg7 Nxe5 19. dxe5 Qe6 20. Rad1 Kc8 21.
Rxd5 Bxd5 22. f3 c4 23. Kg2 Bc5 24. Bg5 Rf7 25. Qg8+ Kb7 26.
Bf4 Qd7 27. Qg5 Be6 28. Qh6 Qd3 29. Re1 Qc2+ 30. Bd2 Bd5 31.
h4 Rxf3 0-1

[Event "44th Chess Olympiad Open 2022"]
[Site "Chennai"]
[Date "2022.08.06"]
[Round "8.62"]
[White "Alahakoon, Isuru"]
[Black "De Gondo, Simplice Armel"]
[Result "1-0"]
[WhiteElo "2000"]
[BlackElo "2135"]
[Annotator "NA RC"]
[PlyCount "113"]
[EventDate "2022.??.??"]
[TimeControl "60"]

1. Nf3 c5 2. e3 Nf6 3. d4 e6 4. Bd3 b6 5. O-O Bb7 6. b3 d5 7. Bb2 cxd4 8. Bb5+ Bc6 9. Nxd4 Bxb5 10. Nxb5 a6 11. Bxf6 gxf6 12. Nd4 f5 13. Qh5 Qd6 14. c4 Nd7 15. Nc3 Nf6 16. Qf3 Ne4 17. cxd5 Nd2 18. Qh5 Nxf1 19. Rxf1 Bg7 20. dxe6 O-O 21. Nxf5 Qxe6 22. Qg4 Qe5 23. Nd5 Kh8 24. Nxb6 Rad8 25. Nc4 Qc3 26. h3 Rg8 27. Nfd6 Qf6 28. Qd4 Rgf8 29. Qxf6 Bxf6 30. e4 Rd7 31. f4 Bd4+ 32. Kh2 f6 33. Rd1 Bc5 34. Rd5 Bxd6 35. Nxd6 Kg8 36. Kg3 a5 37. Kf3 a4 38. b4 f5 39. e5 Rc7 40. Rd3 Rc2 41. a3 Rd8 42. g4 fxg4+ 43.
hxg4 Kf8 44. Ke4 Rb2 45. f5 Ke7 46. Kd5 Rb3 47. f6+ Kf8 48.
Rd4 Rxa3 49. e6 Rxd6+ 50. Kxd6 Re3 51. Rd5 Rf3 52. g5 h6 53. Ra5 Kg8 54. f7+ Kg7 55. gxh6+ Kxh6 56. Ra8 a3 57. f8=Q+ 1-0

[Event "44th Chess Olympiad Open 2022"]
[Site "Chennai"]
[Date "2022.08.06"]
[Round "8.62"]
[White "Amako Marc Arnold"]
[Black "Nabil Nazar, Mohamed"]
[Result "1/2-1/2"]
[WhiteElo "1547"]
[BlackElo "1845"]
[Annotator "NA RC"]
[PlyCount "119"]
[EventDate "2022.??.??"]
[TimeControl "60"]

1. e4 c5 2. Nf3 e6 3. d4 cxd4 4. c3 d3 5. Bxd3 d5 6. e5 Nc6 7. O-O Nge7 8.
Bg5 Qc7 9. Re1 Ng6 10. Qe2 Be7 11. Bxe7 Qxe7 12. Na3 Nf4 13. Qe3 Nxd3 14. Qxd3 O-O 15. Nb5 a6 16. Nbd4 Bd7 17. Ne2 f6 18. Ng3 f5 19. h4 g6 20. Rad1 Rac8 21. Qd2 Na5 22. b3 Rc7 23. c4 Nc6 24. cxd5 exd5 25. Qxd5+ Be6 26. Qd6 h6 27. Ne2 Kf7 28. Ned4 Nd8 29. Nxe6 Nxe6 30. Nd4 Nxd4 31. Rxd4 Re8 32. h5 Rc6 33. hxg6+ Kg7 34. Qd7 Kxg6 35. Re3 Qxd7 36. Rxd7 f4 37. Rf3 Rxe5 38. Rxb7 Rh5 39. g3 fxg3 40. Rxg3+ Kf6 41. a4 Ke5 42. Kg2 Rf5 43. Re7+ Kd4 44. Re2 Rg5 45. Rxg5 hxg5 46. Kf3 Rc3+ 47. Re3 a5 48. Ke2 Rxe3+ 49. fxe3+ Ke4 50. b4 axb4 51. a5 Kd5 52. e4+ Kc6 53. e5 b3 54. Kd2 g4 55. e6 g3 56. e7 Kd7 57. a6 g2 58. a7 g1=Q 59. e8=Q+ Kxe8 60.
a8=Q+ 1/2-1/2

[Event "44th Chess Olympiad Open 2022"]
[Site "Chennai"]
[Date "2022.08.06"]
[Round "8.63"]
[White "Villanueva, Marcio"]
[Black "Arnold Smith"]
[Result "1-0"]
[WhiteElo "2009"]
[BlackElo "1931"]
[Annotator "NA RC"]
[PlyCount "133"]
[EventDate "2022.??.??"]
[TimeControl "60"]

1. Nf3 d5 2. d4 Nf6 3. g3 Bf5 4. Bg2 e6 5. c4 c6 6. Nc3 h6 7. Qb3 Qb6 8. c5 Qxb3 9. axb3 Be7 10. b4 Nbd7 11. Bf4 O-O 12. O-O a6 13.
Ra3 Ne4 14. Nd2 Nxd2 15. Bxd2 Bf6 16. e3 e5 17. Ne2 Rfe8 18.
Bc3 Bd3 19. Re1 Bxe2 20. dxe5 Bxe5 21. Rxe2 Nf6 22. Rd2 Rad8 23. Kf1 Ng4 24. h3 Bxc3 25. bxc3 Ne5 26. Ra1 f5 27. Rd4 Nc4 28. Bf3 Rf8 29. Be2 Ne5 30. Rad1 Ra8 31. f4 Nd7 32. c4 Nf6 33. cxd5 cxd5 34. Bf3 Rae8 35. Kf2 Ne4+ 36. Bxe4 dxe4 37. Rd7 Rf7 38. Ke2 Re6 39. Rxf7 Kxf7 40. Rd5 g6 41. Kd2 Ke7 42. Kc3 h5 43. Kc4 b6 44. h4 Rc6 45. Rd1 bxc5 46. bxc5 Rc8 47. Rd6 Ra8 48. Rxg6 a5 49. Kd5 a4 50. Rg7+ Kf6 51. Rb7 a3 52. Rb1 a2 53. Ra1 Ra3 54. Kd6 Rd3+ 55. Kc7 Rc3 56. c6 Rc2 57. Kd7 Rd2+ 58.
Kc8 Ke7 59. c7 Rc2 60. Kb7 Rb2+ 61. Kc6 Rc2+ 62. Kd5 Rxc7 63. Rxa2 Rb7 64. Ra5 Kf7 65. Ke5 Kg6 66. Ra6+ Kg7 67. Kxf5 1-0

[Event "44th Chess Olympiad Open 2022"]
[Site "Chennai"]
[Date "2022.08.06"]
[Round "8.63"]
[White "Garcia Cuestas, Kevin"]
[Black "Barcon, Harmon"]
[Result "0-1"]
[WhiteElo "1984"]
[BlackElo "1902"]
[Annotator "NA RC"]
[PlyCount "78"]
[EventDate "2022.??.??"]
[TimeControl "60"]

1. e4 e5 2. Nf3 d6 3. d4 exd4 4. Nxd4 Nf6 5. Nc3 Be7 6. Bd3 a6 7. Bf4 b5 8. a3 c5 9. Nf5 Bxf5 10. exf5 d5 11. O-O O-O 12. Qf3 Nc6 13.
Rfd1 Ra7 14. Rd2 Nd4 15. Qh3 Rd7 16. Re1 Re8 17. Nd1 Bd6 18.
Rxe8+ Qxe8 19. Be3 Nc6 20. g3 Ne5 21. Kg2 d4 22. Bg5 Qa8+ 23.
Kf1 Nf3 24. Bxf6 Nxd2+ 25. Ke2 Qf3+ 26. Kxd2 Bf4+ 27. Ke1 gxf6 28. Qf1 Re7+ 29. Be2 Bc1 30. Ne3 Qe4 31. Bd3 Qe5 32. Kd1 dxe3 33. Kxc1 c4 34. f4 Qd5 35. Be2 c3 36. Kb1 cxb2 37. Kxb2 Qd4+ 38. Ka2 Qd2 39. Kb2 b4 0-1

[Event "44th Chess Olympiad Open 2022"]
[Site "Chennai"]
[Date "2022.08.06"]
[Round "8.63"]
[White "Bobby Ballah"]
[Black "Gavarrete, Joel"]
[Result "0-1"]
[WhiteElo "1916"]
[BlackElo "2035"]
[Annotator "NA RC"]
[PlyCount "78"]
[EventDate "2022.??.??"]
[TimeControl "60"]

1. e4 c5 2. Nf3 d6 3. d4 cxd4 4. Nxd4 Nf6 5. Nc3 g6 6. Be3 Bg7 7. Bc4 a6 8. f3 h5 9. Qd2 Bd7 10. O-O-O b5 11. Bb3 Nc6 12. Nxc6 Bxc6 13. e5 dxe5 14. Qxd8+ Rxd8 15. Rxd8+ Kxd8 16.
Bxf7 e4 17. f4 Ng4 18. Bb6+ Kc8 19. h3 Nf6 20. Bxg6 Bh6 21. Re1 Bxf4+ 22. Be3 Bg3 23. Rf1 Rg8 24. Bf5+ Kc7 25. Ne2 Bd6 26. Nf4 Nd5 27. Nxd5+ Bxd5 28. h4 Rxg2 29. Bg5 Bg3 30. Bg6 Bxh4 31. Bxh4 Rxg6 32. Bxe7 e3 33. Re1 Re6 34. Bg5 e2 35. Kd2 Bf3 36. b3 Kd7 37. Rc1 Rd6+ 38.
Ke1 Rd1+ 39. Kf2 e1=Q+ 0-1

[Event "44th Chess Olympiad Open 2022"]
[Site "Chennai"]
[Date "2022.08.06"]
[Round "8.63"]
[White "Joel O. Ebiekuta"]
[Black "Chahin Godoy, Angel Eduardo"]
[Result "1-0"]
[WhiteElo "1848"]
[BlackElo "1844"]
[Annotator "NA RC"]
[PlyCount "91"]
[EventDate "2022.??.??"]
[TimeControl "60"]

1. e4 e6 2. Nf3 d5 3. exd5 exd5 4. d4 Bd6 5. Bd3 Ne7 6. O-O O-O 7. Re1 Bf5 8. c3 Nbc6 9. Bg5 f6 10. Bh4 Qd7 11. Bg3 Bxg3 12. hxg3 Rfe8 13. Na3 Rad8 14. Nc2 a6 15. Ne3 Be4 16. Bxe4 dxe4 17. Nd2 Qe6 18. g4 g6 19. Qc2 f5 20. gxf5 gxf5 21. g3 Nd5 22. Ng2 Qg6 23. Qb3 Na5 24. Qc2 Nc6 25. a3 Qg5 26. Nf1 Kh8 27. Qd2 Qg7 28.
Nfe3 Nxe3 29. Qxe3 Ne7 30. Nf4 Nd5 31. Nxd5 Rxd5 32. Kg2 Rd6 33. Rh1 Ree6 34. Rh5 Rh6 35. Rah1 Rxh5 36. Rxh5 Qf7 37. Qg5 Rf6 38. Rh4 Rg6 39. Qf4 Qd5 40. Qxc7 Rg7 41. Qf4 Rd7 42. Rh5 e3+ 43. Qf3 e2 44. Qxd5 e1=N+ 45. Kf1 Rxd5 46. Kxe1 1-0